 Dungeon Crawl Stone Soup version 0.27-a0-836-gfc908b8576 (webtiles) character file.

Game seed: 10081543522796763535

92 polve the Skirmisher (level 4, -13/40 HPs)
             Began as a Draconian Transmuter on Apr 1, 2021.
             Blown up by Ijyb (15 damage)
             ... with a mindburst bolt
             ... on level 3 of the Dungeon.
             The game lasted 00:01:53 (2766 turns).

polve the Skirmisher (Draconian Transmuter)         Turns: 2766, Time: 00:01:54

Health: -13/40     AC:  5    Str: 12    XL:     4   Next: 35%
Magic:  7/7        EV: 12    Int: 15    God:
Gold:   49         SH:  0    Dex: 11    Spells: 6/7 levels left

rFire    . . .     SeeInvis .     - Unarmed
rCold    . . .     Faith    .   (no shield)
rNeg     . . .     Spirit   .   (armour unavailable)
rPois    .         Reflect  .   (helmet currently unavailable)
rElec    .         Harm     .   (no cloak)
rCorr    .         Rampage  .   (no gloves)
Will     .....                  (boots currently unavailable)
Stlth    +.........             (no amulet)
HPRegen  0.13/turn              (no ring)
MPRegen  0.10/turn              (no ring)

@: appendages (expiring)
A: horns 2, talons 2, AC +5, unfitting armour, cold-blooded
a: End Transformation


You were on level 3 of the Dungeon.
You had temporarily grown beastly horns and talons.
You visited 1 branch of the dungeon, and saw 3 of its levels.

You collected 49 gold pieces.

Inventory:

Scrolls
 a - 4 scrolls of identify {unknown}
 c - 7 scrolls of teleportation {unknown}
 d - a scroll of fog {unknown}
 e - 2 scrolls of immolation {unknown}
 f - a scroll of enchant armour {unknown}
 g - a scroll of magic mapping {unknown}
 h - a scroll of brand weapon {unknown}
 i - a scroll of amnesia {unknown}


   Skills:
 * Level 3.9 Fighting
 - Level 1.7 Dodging
 + Level 3.8 Unarmed Combat
 - Level 2.0 Spellcasting
 - Level 2.0 Transmutations


You had 6 spell levels left.
You knew the following spells:

 Your Spells              Type           Power      Damage    Failure   Level
a - Beastly Appendage     Tmut           14%        N/A       10%         1

Your spell library contained the following spells:

 Spells                   Type           Power      Damage    Failure   Level
 Wereblood                Tmut           7%         N/A       14%         2
 Spider Form              Tmut/Pois      2%         N/A       41%         3
 Confusing Touch          Hex            1%         N/A       54%         3
 Gell's Gravitas          Tloc           0%         N/A       54%         3
 Ice Form                 Ice/Tmut       4%         N/A       82%         4
 Petrify                  Tmut/Erth      4%         N/A       82%         4
 Hydra Form               Tmut           3%         N/A       95%         5
 Metabolic Englaciation   Hex/Ice        0%         N/A       99%         5
 Yara's Violent Unravell  Hex/Tmut       2%         3d3       99%         5


Dungeon Overview and Level Annotations

Branches:
Dungeon (3/15)

Altars:
Ashenzari
Qazlal
Ru
Trog
Wu Jian

Shops:
D:3 [

Annotations:
D:3 Ijyb


Innate Abilities, Weirdness & Mutations

You have temporarily grown beastly horns and talons.
Your plain brown scales are hard. (AC +5)
You cannot fit into any form of body armour.
You are cold-blooded and may be slowed by cold attacks.


Message History

You are too injured to fight recklessly!
You are too injured to fight recklessly!
You are too injured to fight recklessly!
You are too injured to fight recklessly!
You are too injured to fight recklessly!
You are too injured to fight recklessly!
You are too injured to fight recklessly!
You are too injured to fight recklessly!
You hit Ijyb but do no damage.
Ijyb is heavily wounded.
Ijyb hits you with a +0 dagger.
You barely miss Ijyb. You headbutt Ijyb, but do no damage.
Ijyb is heavily wounded.
Ijyb zaps a wand.
Your mind is blasted!
Ouch! That really hurt!
* * * LOW HITPOINT WARNING * * *
You hit Ijyb but do no damage.
Ijyb is heavily wounded.
Ijyb hits you with a +0 dagger.
* * * LOW HITPOINT WARNING * * *
It was a potion of curing.
You feel better. Ijyb misses you.
You barely miss Ijyb. Your headbutt misses Ijyb.
Ijyb is heavily wounded.
Your transformation is almost over.
You feel better. Ijyb completely misses you.
You hit Ijyb but do no damage. You claw Ijyb, but do no damage.
Ijyb is heavily wounded.
Ijyb hits you but does no damage.
You barely miss Ijyb. Your kick misses Ijyb.
Ijyb is heavily wounded.
Ijyb hits you with a +0 dagger.
You hit Ijyb. You headbutt Ijyb.
Ijyb is severely wounded.
Ijyb zaps a wand.
Your mind is blasted!
* * * LOW HITPOINT WARNING * * *
You closely miss Ijyb. Your headbutt misses Ijyb.
You tail-slap Ijyb, but do no damage.
Ijyb is severely wounded.
Ijyb zaps a wand.
Your mind is blasted!
You die...

..>.... #.###....# #...
........##......## ###.
..∩.............## #.
........#.###.#..# #.
........#.###.##.## ##
........#..##.##..#####.
.........#.##†###....#..
...........##†######.#.#
.......@##..#..### #...#
.......g##...)...# #...#
.......###.##...## #.#.#
#.....# ###.....##....#
###### #..._...###..#
#.......# ##.. #'#####^#
##. #.####### # ##†.)..#


You could see Ijyb.

Vanquished Creatures
  3 adders (D:2)
  A worm (D:2)
  An orc (D:3)
  2 endoplasms
  3 giant cockroaches
  4 goblins
  6 hobgoblins
  2 jackals (D:1)
  5 quokkas
  8 ball pythons
  7 bats
  2 frilled lizards
  8 kobolds
  6 rats
58 creatures vanquished.

Notes
Turn   | Place    | Note
-------+----------+-------------------------------------------
     0 | D:1      | polve the Draconian Transmuter began the quest for the Orb.
     0 | D:1      | Reached XP level 1. HP: 16/16 MP: 3/3
   432 | D:1      | Reached XP level 2. HP: 24/24 MP: 3/5
  1321 | D:2      | Reached XP level 3. HP: 30/30 MP: 4/6
  1374 | D:2      | Found an ornate altar of the Wu Jian Council.
  1488 | D:2      | Found a broken altar of Ashenzari.
  1488 | D:2      | Found a sacrificial altar of Ru.
  1488 | D:2      | Found a stormy altar of Qazlal.
  1870 | D:2      | Reached XP level 4. HP: 33/39 MP: 5/7
  2673 | D:3      | Found a bloodstained altar of Trog.
  2750 | D:3      | Found Onem's Armour Emporium.
  2751 | D:3      | Noticed Ijyb
  2765 | D:3      | HP: 2/40 [disintegration (18)]
  2766 | D:3      | Blown up by Ijyb

Illustrated notes

Levels and vault maps discovered:
D:1:      minmay_arrival_radiant_lines, layout_basic, feat_on_display
D:2:      layout_loops_corners, old_standard_altar,
          gammafunk_temple_overflow_claw, minmay_between
D:3:      layout_rooms, okawaru_metal_pillars_3, serial_shops, shop,
          trog_butcher_becter, uniq_ijyb

Skill      XL: |  1  2  3 |
---------------+----------+-----
Fighting       | 2 3 |  3.9
Dodging        | |  1.7
Unarmed Combat | |  3.8
Spellcasting   | |  2.0
Transmutations | |  2.0

Action                   |  1- 3 |  4- 6 || total
-------------------------+-------+-------++-------
Melee: Unarmed           |   119 |    58 ||   177
       Headbutt          |    12 |    10 ||    22
       Kick              |    10 |     9 ||    19
       Tailslap          |    11 |     5 ||    16
       Punch             |     3 |     1 ||     4
 Cast: Beastly Appendage |    24 |    17 ||    41
  Use: Potion            |       |     2 ||     2
Armor: Skin              |    36 |    14 ||    50
Dodge: Dodged            |    79 |    37 ||   116

Table legend: (Time is in decaauts)
 A = Elapsed time spent in this place.
 B = Non-inter-level travel time spent in this place.
 C = Inter-level travel time spent in this place.
 D = Time resting spent in this place.
 E = Time spent auto-exploring this place.
 F = Levels seen in this place.
 G = Mean time per level.
                   A        B        C        D        E       F      G
               +--------+--------+--------+--------+--------+-----+--------+
         Total |   2754 |   2664 |     90 |      0 |   2280 |   3 |  918.0 |
       Dungeon |   2754 |   2664 |     90 |      0 |   2280 |   3 |  918.0 |
               +--------+--------+--------+--------+--------+-----+--------+

Top non-repeatable levels by time:
     D:2: 1342 daAuts
     D:1: 1239 daAuts
     D:3: 172 daAuts
